 Dungeon Crawl Stone Soup version 0.32-a0-960-g3814254bd7 (webtiles) character file.

Game seed: 5727284183861614215

168 uglyjohn the Covered (level 5, -3/45 HPs)
             Began as a Mountain Dwarf Monk on Apr 16, 2024.
             Blown up by Ijyb (12 damage)
             ... with a mindburst bolt
             ... on level 3 of the Dungeon on Apr 17, 2024.
             The game lasted 00:07:26 (2187 turns).

uglyjohn the Covered (Mountain Dwarf Monk)          Turns: 2187, Time: 00:07:26

Health: -3/45      AC:  7    Str: 15    XL:     5   Next: 24%
Magic:  6/6        EV:  8    Int: 11    God:
Gold:   137        SH:  3    Dex: 12    Spells: 4/4 levels left

rFire   . . .        a - +0 hand axe
rCold   . . .        t - +0 buckler
rNeg    . . .        r - +0 scale mail
rPois   .            (no helmet)
rElec   .            (no cloak)
rCorr   .            (no gloves)
SInv    .            (no boots)
Will    .....        (no amulet) Stlth
                     (no ring)
HPRegen 0.27/turn    (no ring)
MPRegen 0.10/turn

%: no passive effects
@: no status effects
A: runic magic, artefact enchanting
a: no special abilities


You were on level 3 of the Dungeon.
You visited 1 branch of the dungeon, and saw 3 of its levels.

You collected 137 gold pieces.

Inventory:

Hand Weapons
 a - a +0 hand axe (weapon)
Armour
 b - a +0 robe
 d - an orb of light
 m - a +0 ring mail
 r - a +0 scale mail (worn)
 t - a +0 buckler (worn)
Wands
 c - a wand of roots (5)
Scrolls
 e - 2 scrolls of identify {unknown}
 f - a scroll of enchant armour {unknown}
 h - 2 scrolls of teleportation
 i - a scroll of fog {unknown}
 j - a scroll of fear
 k - a scroll of revelation {unknown}
 p - a scroll of immolation {unknown}
 u - a scroll of enchant weapon {unknown}
Potions
 g - 2 potions of brilliance {unknown}
 l - a potion of degeneration {unknown}
 n - a potion of curing {unknown}
 o - a potion of berserk rage {unknown}
 q - 3 potions of heal wounds {unknown}
 s - a potion of haste {unknown}


   Skills:
 - Level 3.2 Fighting
 - Level 3.6 Axes
 - Level 5.3 Armour
 - Level 2.1 Dodging
 + Level 1.5 Invocations


You had 4 spell levels left.
You didn't know any spells.
Your spell library contained the following spells:

 Spells                   Type           Power      Damage    Failure   Level
 Kiss of Death            Conj/Necr      0%         2d5       54%         1
 Confusing Touch          Hex            0%         N/A       89%         3
 Frozen Ramparts          Ice            0%         1d1       89%         3
 Ozocubu's Armour         Ice            0%         N/A       89%         3
 Dispel Undead            Necr           0%         3d6       100%        4
 Metabolic Englaciation   Hex/Ice        0%         N/A       100%        5


Dungeon Overview and Level Annotations

Branches:
Dungeon (3/15)

Altars:

Annotations:
D:3 Grinder, Ijyb


Innate Abilities, Weirdness & Mutations

Your spellcasting is much less encumbered by armour.
You can use scrolls of enchantment on lesser artefacts.


Message History

You block Ijyb's attack.
You hit Ijyb but do no damage.
Ijyb is moderately wounded.
Ijyb hits you with a +0 club.
You hit Ijyb but do no damage.
Ijyb is moderately wounded.
Ijyb hits you but does no damage.
You barely miss Ijyb.
Ijyb is moderately wounded.
Ijyb zaps a wand.
Your mind is blasted!
You miss Ijyb.
Ijyb is moderately wounded.
Ijyb hits you with a +0 club. Ijyb hits you but does no damage.
You hit Ijyb.
Ijyb is moderately wounded.
Ijyb misses you.
You closely miss Ijyb.
Ijyb is moderately wounded.
Ijyb barely misses you.
You closely miss Ijyb.
Ijyb is moderately wounded.
Ijyb barely misses you.
You barely miss Ijyb.
Ijyb is moderately wounded.
Ijyb zaps a wand.
Your mind is blasted!
* * * LOW HITPOINT WARNING * * *
You hit Ijyb but do no damage.
Ijyb is moderately wounded.
Ijyb closely misses you.
You hit Ijyb but do no damage.
Ijyb is moderately wounded.
Ijyb hits you with a +0 club.
* * * LOW HITPOINT WARNING * * *
Unknown command.
Okay, then.
You closely miss Ijyb.
Ijyb is moderately wounded.
Ijyb zaps a wand.
Your mind is blasted!
You die...
Ijyb screams, "Time for next experiment!"

##≈≈..#..)#####
#≈≈≈..')..'..##+##
##≈≈≈..#...#..#...#
#≈≈#########..#...#
#≈≈#..........#...#
...'...)......#...#
...'...†......#...#
...'...)......#)g.#
#≈≈#..........#.@.#
#≈≈#########..##''#
##≈≈≈..#...#......#
#≈≈≈.)'...'......#
##≈≈..#...#......#
#################


You could see Ijyb.

Vanquished Creatures
  An orc priest (D:2)
  An orc wizard (D:2)
  2 adders (D:2)
  A dart slug (D:1)
  8 orcs
  2 bats
  8 endoplasms
  2 giant cockroaches
  12 goblins
  2 hobgoblins
  13 jackals
  8 kobolds
  2 quokkas
  4 ball pythons
  5 frilled lizards
  4 rats
75 creatures vanquished.

Notes
Turn   | Place    | Note
-------+----------+-------------------------------------------
     0 | D:1      | uglyjohn the Mountain Dwarf Monk began the quest for the
                  | Orb.
     0 | D:1      | Reached XP level 1. HP: 19/19 MP: 1/1
    46 | D:1      | Reached skill level 1 in Armour
    54 | D:1      | Reached XP level 2. HP: 24/26 MP: 2/2
   150 | D:1      | Reached skill level 2 in Armour
   579 | D:1      | Upgraded the game from 0.32-a0-953-g508020473e to
                  | 0.32-a0-960-g3814254bd7
   621 | D:2      | Reached skill level 3 in Armour
   623 | D:2      | Reached XP level 3. HP: 31/31 MP: 3/3
   874 | D:2      | Reached skill level 4 in Armour
   874 | D:2      | Reached XP level 4. HP: 15/38 MP: 4/4
  1004 | D:2      | Found the +5 robe of Misfortune {Harm *Corrode *Slow EV+5}
  1208 | D:2      | Reached skill level 5 in Armour
  1502 | D:3      | Reached XP level 5. HP: 13/45 MP: 5/5
  1685 | D:3      | Noticed Grinder
  1686 | D:3      | Paralysed by Grinder for 2 turns
  1693 | D:3      | Paralysed by Grinder for 3 turns
  2073 | D:3      | Reached skill level 1 in Invocations
  2163 | D:3      | Noticed Ijyb
  2187 | D:3      | Blown up by Ijyb

Illustrated notes

Levels and vault maps discovered:
D:1:      roderic_crop_circles_arrival_small, layout_rooms
D:2:      layout_rooms
D:3:      kennysheep_goblin_castle, layout_loops_cross, chequers_jeans,
          minmay_surrounded, uniq_grinder, uniq_ijyb

Skill      XL: |  1  2  3  4  5 |
---------------+----------------+-----
Armour         | 1 3 4 5 |  5.3
Invocations    | 1 |  1.5
Fighting       | |  3.2
Axes           | |  3.6
Dodging        | |  2.1

Action                     |  1- 3 |  4- 6 || total
---------------------------+-------+-------++-------
  Melee: Hand axe          |   102 |   156 ||   258
  Evoke: Wand              |       |     1 ||     1
    Use: Scroll            |       |     2 ||     2
         Potion            |       |     1 ||     1
 Armour: Robe              |    50 |       ||    50
         Ring mail         |    12 |    28 ||    40
         Scale mail        |       |   100 ||   100
  Dodge: Dodged            |    55 |    79 ||   134
  Block: Buckler           |       |     9 ||     9

Table legend: (Time is in decaauts)
 A = Elapsed time spent in this place.
 B = Non-inter-level travel time spent in this place.
 C = Inter-level travel time spent in this place.
 D = Time resting spent in this place.
 E = Time spent auto-exploring this place.
 F = Levels seen in this place.
 G = Mean time per level.
                   A        B        C        D        E       F      G
               +--------+--------+--------+--------+--------+-----+--------+
         Total |   2221 |   2162 |     59 |    415 |   1163 |   3 |  740.3 |
       Dungeon |   2221 |   2162 |     59 |    415 |   1163 |   3 |  740.3 |
               +--------+--------+--------+--------+--------+-----+--------+

Top non-repeatable levels by time:
     D:2: 833 daAuts
     D:3: 762 daAuts
     D:1: 625 daAuts
